cohdb
Replays
Latest Replays
All Replays
Popular Replays
Top Player Replays
Match Explorer
How It Works
Community
CoH3 Stats
Reddit
Sign in to upload your games and track your stats! →
Sign in with Steam
Match 43946162
Unlisted
Match 43946162
Overview
Messages
Build Orders
End
Construct Infanterie Kompanie
Kettenkrad Recon Vehicle
Selects Italian Coastal Battlegroup
Selects Coastal Reserves
Coastal Reserve
MG 42 Machine Gun Team
Coastal Reserve
GrW 34 Mortar Team
Construct Panzergrenadier Kompanie
Grenadier Squad
Support Elements
Selects Support Bunkers
StuG III G Assault Gun
MG 42 Bunker
Coastal Reserve
Selects Artillery Officer
Construct Panzer Kompanie
Selects Rapid Fortifications
MG 42 Bunker
Rapid Fortifications
MG 42 Machine Gun Team
Panzer IV Medium Tank
Rapid Fortifications
Selects Obice da 210/22 Artillery Emplacement
MG 42 Bunker
Medical Station
MG 42 Bunker
Rapid Fortifications
MG 42 Bunker
Panzer IV Medium Tank
Selects Bulwark
Coastal Reserve
Die Sturmwachtel
Chouchou
pfo67
OG-ranger
76561197962546219
gothrax
MASTER_YOUR_SLEEP
Krayola
0
0
Comments
sign in to comment!
No comments posted yet!